 Dungeon Crawl Stone Soup version 0.29.1-13-g9f3cf754e1 (webtiles) character file.

Game seed: 13264734185321526719

156 Heoruswealwe the Trooper (level 5, -1/47 HPs)
             Began as a Minotaur Abyssal Knight on Feb 10, 2023.
             Was a Priest of Lugonu.
             Killed from afar by Ijyb (12 damage)
             ... with a bolt of acid
             ... on level 3 of the Dungeon.
             The game lasted 00:27:23 (2581 turns).

Heoruswealwe the Trooper (Minotaur Abyssal Knight)  Turns: 2581, Time: 00:27:23

Health: -1/47      AC:  1    Str: 19 (20) XL:     5   Next: 14%
Magic:  6/6        EV:  8    Int:  6 (7)  God:    Lugonu [***...]
Gold:   120        SH:  0    Dex: 10      Spells: 4/4 levels left

rFire   . . .      SeeInvis .   a - +1 spear
rCold   . . .      Faith    .   (no shield)
rNeg    . . .      Spirit   .   s - +0 chain mail
rPois   .          Reflect  .   (helmet restricted)
rElec   .          Harm     .   (no cloak)
rCorr   .          Rampage  .   (no gloves)
Will    .....                   (no boots)
Stlth   ..........              (no amulet)
HPRegen 0.15/turn               (no ring)
MPRegen 0.10/turn               (no ring)

@: corroded
A: horns 2, retaliatory headbutt
a: Renounce Religion, Depart the Abyss, Bend Space, Banish


You were on level 3 of the Dungeon.
You worshipped Lugonu.
Lugonu was most pleased with you.
You visited 1 branch of the dungeon, and saw 3 of its levels.
You visited the Abyss 1 time.

You collected 120 gold pieces.

Inventory:

Hand Weapons
 a - a +1 spear (weapon)
 g - a +0 dagger
 h - a +0 dagger
 l - a +0 spear
 m - a +0 mace
 n - a +0 dagger
 p - a +0 dagger
 q - a +0 club
 r - a +0 spear
 t - a +0 club
 v - a +0 dagger
 x - a +0 short sword
 y - a +0 flail
 B - a +0 dagger
 C - a +0 short sword
 D - a +0 dagger of holy wrath
 F - a +0 dagger
 J - a +0 quarterstaff
 L - a +0 club
Missiles
 c - 52 stones
 w - a throwing net
Armour
 b - a +0 leather armour
 d - a +0 ring mail
 e - a +0 ring mail
 f - a +0 robe
 j - a +0 ring mail
 s - a +0 chain mail (worn)
 u - a +0 ring mail
 z - a +0 robe
 A - a +0 robe
 E - a +0 robe
 H - a +0 leather armour
Jewellery
 k - a ring of magical power
Scrolls
 i - 6 scrolls of teleportation
 G - a scroll of blinking
 K - 2 scrolls of identify {unknown}
Potions
 o - a potion of heal wounds {unknown}
 I - a potion of cancellation {unknown}


   Skills:
 + Level 4.4 Fighting
 + Level 3.6 Polearms
 + Level 3.6 Armour
 + Level 2.5 Dodging
 + Level 2.8 Invocations


You had 4 spell levels left.
You didn't know any spells.
Your spell library was empty.

Dungeon Overview and Level Annotations

Branches:
Dungeon (3/15)

Altars:
Gozag
Hepliaklqana
Makhleb

Annotations:
D:3 Ijyb


Innate Abilities, Weirdness & Mutations

You have a pair of horns on your head.
You reflexively headbutt those who attack you in melee.


Message History

The goblin is severely wounded.
The goblin barely misses you.
You hit the goblin but do no damage.
The goblin is severely wounded.
The goblin barely misses you. You furiously retaliate!
You headbutt the goblin!
You kill the goblin!
Lugonu accepts your kill.
Ijyb the Twisted Goblin comes into view.
She is wielding a +0 dagger and carrying a wand of acid (8).
You see here a +0 club.
L - a +0 club Ijyb hits you but does no damage.
You closely miss Ijyb. Ijyb hits you but does no damage.
You puncture Ijyb!
Ijyb is moderately wounded.
Ijyb hits you but does no damage.
You hit Ijyb but do no damage. Your headbutt misses Ijyb.
Ijyb is moderately wounded.
You barely miss Ijyb.
Ijyb is moderately wounded.
Ijyb zaps a wand.
The bolt of acid hits you! The acid corrodes you!
You barely miss Ijyb. You headbutt Ijyb.
Ijyb is heavily wounded.
Ijyb hits you with a +0 dagger.
You hit Ijyb.
Ijyb is severely wounded.
Ijyb hits you but does no damage.
A dart slug comes into view.
You barely miss Ijyb. You headbutt Ijyb.
Ijyb is severely wounded.
Ijyb hits you with a +0 dagger.
You hit Ijyb but do no damage. You headbutt Ijyb, but do no damage.
Ijyb is severely wounded.
Ijyb grins evilly.
Ijyb zaps a wand.
The bolt of acid hits you!!
* * * LOW HITPOINT WARNING * * *
The acid corrodes you!
You closely miss Ijyb. Your headbutt misses Ijyb.
Ijyb is severely wounded.
Ijyb zaps a wand.
The bolt of acid hits you!
You die...

.....########.##†#..#..#
..............#.#..###..#
..........##..##..## #..#
#########.....#..## #..#
#####.#.## #.# #.#..## .#
####..## #.#g.# ##@#....
#.#.#...# #########


You could see Ijyb.

Vanquished Creatures
  Natasha (twice) (D:3)
  3 adders (D:2)
  2 worms (D:2)
  A dart slug (D:1)
  4 ball pythons
  4 bats
  11 endoplasms
  3 giant cockroaches
  6 goblins
  7 hobgoblins
  6 jackals (D:2)
  2 quokkas
  5 frilled lizards
  4 kobolds
  6 rats
  A spectral kobold (D:3)
67 creatures vanquished.

Notes
Turn   | Place    | Note
-------+----------+-------------------------------------------
     0 | Abyss:1  | Heoruswealwe the Minotaur Abyssal Knight began the quest
                  | for the Orb.
     0 | Abyss:1  | Reached XP level 1. HP: 19/19 MP: 1/1
     6 | Abyss:1  | Found a corrupted altar of Lugonu.
    91 | Abyss:1  | Noticed a freezing wraith
    93 | Abyss:1  | Noticed a wretched star
    94 | D:1      | Escaped the Abyss
   106 | D:1      | You fall into a shaft and drop 1 floor!
   139 | D:2      | Found a burning altar of Makhleb.
   201 | D:1      | Reached ** piety under Lugonu
   292 | D:1      | Reached XP level 2. HP: 27/27 MP: 2/2
   706 | D:1      | Reached XP level 3. HP: 23/33 MP: 3/3
   893 | D:1      | Reached skill level 4 in Fighting
  1521 | D:2      | Reached XP level 4. HP: 40/40 MP: 4/4
  1685 | D:2      | Found a faded altar of an unknown god.
  2147 | D:3      | Found a hazy altar of Hepliaklqana.
  2213 | D:3      | Found an opulent altar of Gozag.
  2258 | D:3      | Reached *** piety under Lugonu
  2264 | D:3      | Noticed Natasha
  2275 | D:3      | Killed Natasha
  2329 | D:3      | Noticed Natasha
  2338 | D:3      | Killed Natasha
  2339 | D:3      | Reached XP level 5. HP: 42/47 MP: 6/6
  2570 | D:3      | Noticed Ijyb
  2581 | D:3      | Killed from afar by Ijyb

Illustrated notes

Levels and vault maps discovered:
D:1:      ncdulo_wetmaze, layout_basic
D:2:      layout_basic, basic_altar, hellmonk_ecumenical_altar_slurped_away,
          kennysheep_generic_room_9
D:3:      minmay_diamond_boxcup, layout_rooms, grunt_gozag_breadcrumbs,
          nicolae_hepliaklqana_monster_ancestors, uniq_natasha, uniq_ijyb

Skill      XL: |  1  2  3 |
---------------+----------+-----
Invocations    | 2 |  2.8
Fighting       | 4 |  4.4
Armour         | 3 |  3.6
Polearms       | 3 |  3.6
Dodging        | 2 |  2.5

Action                   |  1- 3 |  4- 6 || total
-------------------------+-------+-------++-------
Melee: Spear             |    79 |    63 ||   142
       Headbutt          |     7 |    14 ||    21
       Punch             |     1 |       ||     1
Invok: Depart the Abyss  |     1 |       ||     1
  Use: Scroll            |     2 |     2 ||     4
       Potion            |       |     4 ||     4
Armor: Ring mail         |    13 |       ||    13
       Chain mail        |    13 |    27 ||    40
Dodge: Dodged            |    27 |    18 ||    45
